BlueJackets vs Devils

Created - Sunday, November 02, 2014 at 01:14

Goals
1 2 3 T
BlueJackets 2 1 0 3
Devils 2 4 1 7
Shots
1 2 3 T
BlueJackets 9 6 7 22
Devils 5 13 5 23

1st period

1. BlueJackets , David Desharnais 4 (Gabriel Bourque) at 1:49
2. Devils , Patrik Berglund 3 (John Carlson) at 6:37
3. BlueJackets , Vincent Lecavalier 3 (Andrej Meszaros) at 13:13
4. Devils , Shane Doan 1 (Ville Leino) at 15:13

Penalties :
Nick Spaling (NJD) for High sticking (Minor) at 7:32

2nd period

5. Devils , Shane Doan 2 (Drew Stafford, Chris Phillips) at 2:17 (PP)
6. Devils , Drew Stafford 3 (Shane Doan, Tyler Johnson) at 9:40 (PP)
7. BlueJackets , Andrew Ference 2 (Tobias Enstrom, Brent Burns) at 11:29 (PP)
8. Devils , Drew Stafford 4 (Shane Doan, Chris Phillips) at 11:54
9. Devils , Matt Cooke 1 (John Carlson, Kris Versteeg) at 18:24

Penalties :
Andrew Ference (Clb) for High sticking (Minor) at 1:04, David Desharnais (Clb) for High sticking (Minor) at 8:27, Shane Doan (NJD) for Hooking (Minor) at 11:22, David Savard (Clb) for Tripping (Minor) at 15:19, Andrew Ference (Clb) for Holding Stick (Minor) at 19:57

3rd period

10. Devils , Chris Mueller 1 (John Carlson, Ville Leino) at 13:27

Penalties :
Ryan Garbutt (Clb) for Hooking (Minor) at 3:36, Drew Stafford (NJD) for Interference (Minor) at 4:03, Drew Stafford (NJD) for High sticking (Minor) at 15:27, Brent Seabrook (NJD) for Interference (Minor) at 19:41

Goalie Stats

Joni Ortio (Clb), 7 saves from 11 shots - (0.636), L, 0-5-0, 29:40 minutes
Matt Climie (Clb), 9 saves from 12 shots - (0.750), 30:20 minutes
Jimmy Howard (NJD), 19 saves from 22 shots - (0.864), W, 3-8-0, 60:00 minutes

Players Stats for BlueJackets

Player Name              G  A  P  +/- PIM S  H  SB GA TA FO     MP     PP MP  PK MP  
------------------------------------------------------------------------------------
Andrej Meszaros          0  1  1  -2  0   1  1  1  0  5  0/0    18:58   0:27   5:00 
Andrew Ference           1  0  1   0  4   2  2  0  0  1  0/0    26:22   3:22   1:51 
Antoine Roussel          0  0  0   1  0   0  2  1  1  2  0/0    14:55   0:00   0:02 
Brendan Smith            0  0  0   0  0   0  0  0  0  0  0/0     4:39   0:00   0:00 
Brent Burns              0  1  1  -5  0   1  1  0  4  0  4/10   25:26   3:12   5:03 
David Desharnais         1  0  1   1  2   5  0  0  2  0  3/10   15:59   0:27   0:00 
David Savard             0  0  0  -2  2   0  0  0  0  0  0/0    14:21   0:00   0:00 
Derick Brassard          0  0  0  -4  0   3  3  0  3  0  9/17   16:20   2:45   1:15 
Erik Cole                0  0  0   1  0   2  1  0  0  0  1/2    15:11   1:38   0:00 
Gabriel Bourque          0  1  1   1  0   2  1  0  1  2  1/1    14:23   0:00   0:00 
Justin Williams          0  0  0  -4  0   0  0  1  0  0  0/0    14:21   2:45   0:00 
Kevin Klein              0  0  0  -1  0   0  0  0  0  0  0/0    17:51   1:28   3:50 
Ron Hainsey              0  0  0  -2  0   1  0  2  0  4  0/0    20:50   1:28   3:01 
Ryan Garbutt             0  0  0   0  2   0  1  0  1  1  0/0     5:51   0:27   0:00 
Teddy Purcell            0  0  0   0  0   1  1  1  2  1  0/1    21:51   1:38   5:34 
Tobias Enstrom           0  1  1   0  0   0  0  1  0  1  0/0    18:46   2:55   0:00 
Vernon Fiddler           0  0  0   0  0   0  0  0  0  1  2/3     8:18   0:00   0:33 
Vincent Lecavalier       1  0  1   1  0   4  1  0  3  0  6/10   17:10   1:38   1:15 

Players Stats for Devils

Player Name              G  A  P  +/- PIM S  H  SB GA TA FO     MP     PP MP  PK MP  
------------------------------------------------------------------------------------
Brent Seabrook           0  0  0   0  2   1  3  1  0  0  0/0    21:10   2:42   1:03 
Chris Mueller            1  0  1   1  0   1  1  0  0  1  8/17   12:55   0:00   4:14 
Chris Phillips           0  2  2   0  0   0  1  1  0  2  0/0    21:42   2:42   1:48 
Drew Stafford            2  1  3   2  4   2  2  1  2  1  0/0    17:31   3:34   1:57 
Jay Beagle               0  0  0   0  0   1  0  0  0  0  2/7    13:29   0:00   0:09 
John Carlson             0  3  3   3  0   1  1  2  1  0  0/0    21:37   4:09   3:02 
Kris Versteeg            0  1  1   0  0   2  0  0  4  0  1/1    12:21   0:00   0:26 
Mark Stuart              0  0  0   3  0   3  3  1  0  1  0/0    25:59   0:00   0:45 
Martin Erat              0  0  0   1  0   1  0  0  0  0  1/1    15:12   0:00   0:00 
Matt Carkner             0  0  0   0  0   0  0  0  0  0  0/0     0:00   0:00   0:00 
Matt Cooke               1  0  1   0  0   1  3  0  3  1  0/0    16:58   3:16   0:15 
Nick Spaling             0  0  0   1  2   1  1  1  9  0  1/4    21:14   3:16   2:12 
Niklas Kronwall          0  0  0   0  0   3  5  4  0  2  0/0    28:06   4:09   3:02 
Patrik Berglund          1  0  1   1  0   3  0  0  1  0  4/6    15:12   0:00   0:00 
Shane Doan               2  2  4   1  2   2  1  0  4  0  1/2    22:24   3:35   0:06 
Tim Gleason              0  0  0   0  0   0  0  0  0  0  0/0     1:25   0:00   0:00 
Tyler Johnson            0  1  1   1  0   0  0  1  1  1  10/16  14:55   3:35   0:21 
Ville Leino              0  2  2   1  0   1  0  0  3  0  0/0    11:23   3:16   0:00 

3 Stars

1 - Shane Doan (NJD)
2 - Drew Stafford (NJD)
3 - John Carlson (NJD)

Power Play

BlueJackets - 1 on 5 Attempt(s) - 20.00%
Devils - 2 on 5 Attempt(s) - 40.00%

Penalty Kill

BlueJackets - 3 on 5 Attempt(s) - 60.00% - Score 0 goal in Penalty Kill
Devils - 4 on 5 Attempt(s) - 80.00% - Score 0 goal in Penalty Kill

Official

Referees : Unknown
Linesman : Unknown

Game Notes

Matt Climie enters game at 9:40 of 2nd period

Finance

Level 1 -- Attendance: 6000 (100.00%) -- Ticket Income $450,000
Level 2 -- Attendance: 3936 (78.72%) -- Ticket Income $236,160
Level 3 -- Attendance: 1424 (71.20%) -- Ticket Income $49,840
Level 4 -- Attendance: 2630 (65.75%) -- Ticket Income $65,750
Luxury Box -- Attendance: 973 (97.30%) -- Ticket Income $155,680
Game was played at the Continental Airlines Arena
Total Attendance: 14963 (83.13%)
Total Ticket Income: $957,430
Other Income: $469,141
Total Income: $1,426,571

BlueJackets

5 vs 5 Forward 
   Center                   Left Wing                Right Wing               Time % Phy DF OF 
 1 Derick Brassard          Justin Williams          Brent Burns              35     1   2  2  
 2 Vincent Lecavalier       Teddy Purcell            Erik Cole                30     1   2  2  
 3 David Desharnais         Gabriel Bourque          Antoine Roussel          22     1   2  2  
 4 Vernon Fiddler           Ryan Garbutt             Brent Burns              13     1   2  2  

5 vs 5 Defense 
   Defense                  Defense                                           Time % Phy DF OF 
 1 Tobias Enstrom           Andrew Ference                                    35     1   2  2  
 2 David Savard             Ron Hainsey                                       30     1   2  2  
 3 Kevin Klein              Andrej Meszaros                                   22     1   2  2  
 4 Brendan Smith            Andrew Ference                                    13     1   2  2  

PowerPlay Forward 
   Center                   Left Wing                Right Wing               Time % Phy DF OF 
 1 Derick Brassard          Justin Williams          Brent Burns              60     1   2  2  
 2 Vincent Lecavalier       Teddy Purcell            Erik Cole                40     1   2  2  

PowerPlay Defense
   Defense                  Defense                                           Time % Phy DF OF 
 1 Tobias Enstrom           Andrew Ference                                    60     1   2  2  
 2 Kevin Klein              Ron Hainsey                                       40     1   2  2  

Penalty Kill 4 Players Forward 
   Center                   Wing                     Time % Phy DF OF 
 1 Brent Burns              Teddy Purcell            60     1   2  2  
 2 Derick Brassard          Vincent Lecavalier       40     1   2  2  

Penalty Kill 4 Players Defense
   Defense                  Defense                  Time % Phy DF OF 
 1 Kevin Klein              Andrew Ference           60     1   2  2  
 2 Andrej Meszaros          Ron Hainsey              40     1   2  2  

Penalty Kill - 3 Players Forward 
   Forward                                           Time % Phy DF OF 
 1 Brent Burns                                       60     1   2  2  
 2 Derick Brassard                                   40     1   2  2  

Penalty Kill - 3 Players Defense
   Defense                  Defense                  Time % Phy DF OF 
 1 Tobias Enstrom           Andrew Ference           60     1   2  2  
 2 Kevin Klein              Ron Hainsey              40     1   2  2  

4 vs 4 Forward 
   Center                   Wing                     Time % Phy DF OF 
 1 Brent Burns              David Desharnais         60     1   2  2  
 2 Derick Brassard          Vincent Lecavalier       40     1   2  2  

4 vs 4 Defense
   Defense                  Defense                  Time % Phy DF OF 
 1 Andrej Meszaros          Andrew Ference           60     1   2  2  
 2 Tobias Enstrom           Ron Hainsey              40     1   2  2  

Last Minutes Offensive
   Center                   Left Wing                Right Wing               Defense                  Defense                  
   Derick Brassard          Justin Williams          Brent Burns              Tobias Enstrom           Andrew Ference           

Last Minutes Defensive
   Center                   Left Wing                Right Wing               Defense                  Defense                  
   Derick Brassard          Justin Williams          Brent Burns              Tobias Enstrom           Andrew Ference           

Goaltenders
Starting : Joni Ortio               
Backup : Matt Climie              

Extra Forwards
Normal : David Desharnais, Brent Burns, Vernon Fiddler - PP : David Desharnais, Brent Burns - PK : Vernon Fiddler
Extra Defensemen
Normal : Kevin Klein, Andrej Meszaros, Andrew Ference - PP : Kevin Klein - PK : Andrej Meszaros, Brent Burns
Penalty Shots
Brent Burns, Vernon Fiddler, Derick Brassard, Vincent Lecavalier, Teddy Purcell

Devils

5 vs 5 Forward 
   Center                   Left Wing                Right Wing               Time % Phy DF OF 
 1 Tyler Johnson            Shane Doan               Drew Stafford            31     0   2  3  
 2 Patrik Berglund          Nick Spaling             Martin Erat              28     0   2  3  
 3 Chris Mueller            Ville Leino              Shane Doan               25     2   2  1  
 4 Jay Beagle               Matt Cooke               Kris Versteeg            16     2   2  1  

5 vs 5 Defense 
   Defense                  Defense                                           Time % Phy DF OF 
 1 John Carlson             Mark Stuart                                       33     1   3  1  
 2 Niklas Kronwall          Brent Seabrook                                    33     0   2  3  
 3 Chris Phillips           Mark Stuart                                       33     2   2  1  
 4 Niklas Kronwall          Chris Phillips                                    1      1   2  2  

PowerPlay Forward 
   Center                   Left Wing                Right Wing               Time % Phy DF OF 
 1 Tyler Johnson            Shane Doan               Drew Stafford            60     0   0  5  
 2 Nick Spaling             Ville Leino              Matt Cooke               40     0   0  5  

PowerPlay Defense
   Defense                  Defense                                           Time % Phy DF OF 
 1 John Carlson             Niklas Kronwall                                   60     0   2  3  
 2 Brent Seabrook           Chris Phillips                                    40     0   2  3  

Penalty Kill 4 Players Forward 
   Center                   Wing                     Time % Phy DF OF 
 1 Chris Mueller            Nick Spaling             60     0   4  1  
 2 Jay Beagle               Matt Cooke               40     0   4  1  

Penalty Kill 4 Players Defense
   Defense                  Defense                  Time % Phy DF OF 
 1 Niklas Kronwall          John Carlson             60     1   4  0  
 2 Brent Seabrook           Chris Phillips           40     1   4  0  

Penalty Kill - 3 Players Forward 
   Forward                                           Time % Phy DF OF 
 1 Jay Beagle                                        60     0   5  0  
 2 Chris Mueller                                     40     0   5  0  

Penalty Kill - 3 Players Defense
   Defense                  Defense                  Time % Phy DF OF 
 1 Niklas Kronwall          John Carlson             60     0   5  0  
 2 Brent Seabrook           Chris Phillips           40     0   5  0  

4 vs 4 Forward 
   Center                   Wing                     Time % Phy DF OF 
 1 Jay Beagle               Matt Cooke               60     1   2  2  
 2 Patrik Berglund          Drew Stafford            40     1   2  2  

4 vs 4 Defense
   Defense                  Defense                  Time % Phy DF OF 
 1 Brent Seabrook           Tim Gleason              60     1   2  2  
 2 Mark Stuart              Chris Phillips           40     1   2  2  

Last Minutes Offensive
   Center                   Left Wing                Right Wing               Defense                  Defense                  
   Tyler Johnson            Shane Doan               Drew Stafford            John Carlson             Niklas Kronwall          

Last Minutes Defensive
   Center                   Left Wing                Right Wing               Defense                  Defense                  
   Tyler Johnson            Nick Spaling             Matt Cooke               Niklas Kronwall          John Carlson             

Goaltenders
Starting : Jimmy Howard             
Backup : Thomas Greiss            

Extra Forwards
Normal : Shane Doan, Drew Stafford, Chris Mueller - PP : Drew Stafford, Ville Leino - PK : Drew Stafford
Extra Defensemen
Normal : Brent Seabrook, John Carlson, Niklas Kronwall - PP : Mark Stuart - PK : Mark Stuart, Tim Gleason
Penalty Shots
Drew Stafford, Ville Leino, Shane Doan, Matt Cooke, Tyler Johnson

% Time on Ice - BlueJackets

Lines # - Real PCT - Wanted PCT - Time Play
Normal Forward
1 - 28% - 35% - 13:06
2 - 31% - 30% - 14:17
3 - 31% - 22% - 14:23
4 - 11% - 13% - 5:01
Normal Defense
1 - 34% - 35% - 15:57
2 - 33% - 30% - 15:24
3 - 23% - 22% - 10:47
4 - 10% - 13% - 4:39
PP Forward
1 - 66% - 60% - 3:12
2 - 34% - 40% - 1:38
PP Defense
1 - 70% - 60% - 3:22
2 - 30% - 40% - 1:28
PK Forward
1 - 82% - 60% - 5:36
2 - 18% - 40% - 1:15
PK Defense
1 - 56% - 60% - 3:50
2 - 44% - 40% - 3:01
PK3 Forward
1 - 0% - 60%
2 - 0% - 40%
PK3 Defense
1 - 0% - 60%
2 - 0% - 40%
44 Forward
1 - 100% - 60% - 1:32
2 - 0% - 40% - 0:00
44 Defense
1 - 38% - 60% - 0:35
2 - 62% - 40% - 0:57
Last Minute Offensive  - 0:00
Last Minute Defensive  - 0:00
Total
Forward - 60:00
Defense - 60:00

% Time on Ice - Devils

Lines # - Real PCT - Wanted PCT - Time Play
Normal Forward
1 - 25% - 31% - 11:33
2 - 32% - 28% - 15:12
3 - 17% - 25% - 8:07
4 - 25% - 16% - 11:55
Normal Defense
1 - 31% - 33% - 14:26
2 - 34% - 33% - 15:46
3 - 26% - 33% - 12:11
4 - 9% - 1% - 4:24
PP Forward
1 - 52% - 60% - 3:35
2 - 48% - 40% - 3:16
PP Defense
1 - 61% - 60% - 4:09
2 - 39% - 40% - 2:42
PK Forward
1 - 97% - 60% - 4:41
2 - 3% - 40% - 0:09
PK Defense
1 - 63% - 60% - 3:02
2 - 37% - 40% - 1:48
PK3 Forward
1 - 0% - 60%
2 - 0% - 40%
PK3 Defense
1 - 0% - 60%
2 - 0% - 40%
44 Forward
1 - 100% - 60% - 1:32
2 - 0% - 40% - 0:00
44 Defense
1 - 92% - 60% - 1:25
2 - 8% - 40% - 0:07
Last Minute Offensive  - 0:00
Last Minute Defensive  - 0:00
Total
Forward - 60:00
Defense - 60:00

Play by Play

1st period


0:01 of 1st period - Tyler Johnson wins face-off versus Derick Brassard in neutral zone.
1:22 of 1st period - Snap shot by Nick Spaling.
1:22 of 1st period - Deflect By Martin Erat.
1:22 of 1st period - Shot Misses the Net.
1:22 of 1st period - Puck is out of play.
1:23 of 1st period - David Desharnais wins face-off versus Jay Beagle in BlueJackets zone.
1:23 of 1st period - David Desharnais is hit by Matt Cooke.
1:49 of 1st period - Wrist shot by David Desharnais.
1:49 of 1st period - Goal by David Desharnais - BlueJackets : 1 - Devils : 0.
1:50 of 1st period - Vernon Fiddler wins face-off versus Chris Mueller in neutral zone.
1:57 of 1st period - Slapshot by Brent Seabrook.
1:57 of 1st period - Stopped by Joni Ortio without a rebound.
1:58 of 1st period - Chris Mueller wins face-off versus Brent Burns in BlueJackets zone.
2:29 of 1st period - Wrist shot by Shane Doan.
2:29 of 1st period - Shot Misses the Net.
2:31 of 1st period - Wrist shot by Shane Doan.
2:31 of 1st period - Shot Misses the Net.
3:11 of 1st period - Erik Cole is hit by Brent Seabrook and loses puck.
3:50 of 1st period - Wrist shot by Gabriel Bourque.
3:50 of 1st period - Stopped by Jimmy Howard with a rebound.
4:20 of 1st period - Snap shot by David Desharnais.
4:20 of 1st period - Stopped by Jimmy Howard with a rebound.
4:47 of 1st period - John Carlson is hit by Derick Brassard and loses puck.
5:16 of 1st period - Andrej Meszaros is hit by Drew Stafford and loses puck.
5:43 of 1st period - Ron Hainsey is hit by John Carlson and loses puck.
6:20 of 1st period - Brent Burns is hit by Niklas Kronwall and loses puck.
6:37 of 1st period - Snap shot by Patrik Berglund.
6:37 of 1st period - Goal by Patrik Berglund - BlueJackets : 1 - Devils : 1.
6:38 of 1st period - Vincent Lecavalier wins face-off versus Tyler Johnson in neutral zone.
6:51 of 1st period - Wrist shot by Vincent Lecavalier.
6:51 of 1st period - Shot Misses the Net.
6:53 of 1st period - Slapshot by Vincent Lecavalier.
6:53 of 1st period - Deflect By Teddy Purcell.
6:53 of 1st period - Shot Blocked by Tyler Johnson.
6:53 of 1st period - Puck is out of play.
6:54 of 1st period - Vincent Lecavalier wins face-off versus Tyler Johnson in Devils zone.
7:01 of 1st period - Wrist shot by Teddy Purcell.
7:01 of 1st period - Stopped by Jimmy Howard with a rebound.
7:03 of 1st period - Slapshot by Tobias Enstrom.
7:03 of 1st period - Shot Blocked by Niklas Kronwall.
7:05 of 1st period - Slapshot by Andrew Ference.
7:05 of 1st period - Stopped by Jimmy Howard with a rebound.
7:32 of 1st period - Minor Penalty to Nick Spaling for High sticking.
7:33 of 1st period - Derick Brassard wins face-off versus Chris Mueller in Devils zone.
7:52 of 1st period - Snap shot by Brent Burns.
7:52 of 1st period - Deflect By Justin Williams.
7:52 of 1st period - Shot Misses the Net.
7:52 of 1st period - Puck is out of play.
7:53 of 1st period - Derick Brassard wins face-off versus Chris Mueller in Devils zone.
8:00 of 1st period - Snap shot by Derick Brassard.
8:00 of 1st period - Shot Blocked by Drew Stafford.
8:02 of 1st period - Slapshot by Ron Hainsey.
8:02 of 1st period - Deflect By Brent Burns.
8:02 of 1st period - Shot Misses the Net.
8:02 of 1st period - Puck is out of play.
8:03 of 1st period - Vincent Lecavalier wins face-off versus Chris Mueller in Devils zone.
8:14 of 1st period - Backhand shot by Vincent Lecavalier.
8:14 of 1st period - Stopped by Jimmy Howard without a rebound.
8:15 of 1st period - Chris Mueller wins face-off versus Vincent Lecavalier in Devils zone.
9:19 of 1st period - Wrist shot by Drew Stafford.
9:19 of 1st period - Shot Misses the Net.
9:25 of 1st period - Drew Stafford is hit by Derick Brassard and loses puck.
9:32 of 1st period - Penalty to Nick Spaling is over, Nick Spaling is back on ice.
10:26 of 1st period - Brent Burns is hit by Chris Phillips.
10:58 of 1st period - Vincent Lecavalier is hit by Matt Cooke and loses puck.
11:09 of 1st period - Ville Leino is hit by Andrew Ference and loses puck.
13:06 of 1st period - Niklas Kronwall is hit by Erik Cole and loses puck.
13:11 of 1st period - Wrist shot by Vincent Lecavalier.
13:11 of 1st period - Shot Blocked by Brent Seabrook.
13:13 of 1st period - Wrist shot by Vincent Lecavalier.
13:13 of 1st period - Goal by Vincent Lecavalier - BlueJackets : 2 - Devils : 1.
13:14 of 1st period - Patrik Berglund wins face-off versus David Desharnais in neutral zone.
13:40 of 1st period - Icing by Gabriel Bourque.
13:41 of 1st period - Tyler Johnson wins face-off versus David Desharnais in BlueJackets zone.
13:52 of 1st period - Snap shot by Shane Doan.
13:52 of 1st period - Shot Misses the Net.
14:11 of 1st period - Off-side.
14:12 of 1st period - Patrik Berglund wins face-off versus Vincent Lecavalier in neutral zone.
15:13 of 1st period - Snap shot by Shane Doan.
15:13 of 1st period - Goal by Shane Doan - BlueJackets : 2 - Devils : 2.
15:14 of 1st period - Derick Brassard wins face-off versus Chris Mueller in neutral zone.
15:19 of 1st period - Slapshot by Brent Burns.
15:19 of 1st period - Shot Misses the Net.
15:25 of 1st period - Andrew Ference is hit by Niklas Kronwall and loses puck.
16:12 of 1st period - Wrist shot by Kris Versteeg.
16:12 of 1st period - Stopped by Joni Ortio with a rebound.
16:16 of 1st period - Snap shot by Kris Versteeg.
16:16 of 1st period - Stopped by Joni Ortio with a rebound.
16:58 of 1st period - Slapshot by Erik Cole.
16:58 of 1st period - Stopped by Jimmy Howard with a rebound.
18:06 of 1st period - Wrist shot by Brent Burns.
18:06 of 1st period - Stopped by Jimmy Howard without a rebound.
18:07 of 1st period - Vernon Fiddler wins face-off versus Chris Mueller in Devils zone.
18:20 of 1st period - Snap shot by Shane Doan.
18:20 of 1st period - Shot Misses the Net.
19:23 of 1st period - Icing by Andrej Meszaros.
19:24 of 1st period - Patrik Berglund wins face-off versus David Desharnais in BlueJackets zone.
19:35 of 1st period - Wrist shot by David Desharnais.
19:35 of 1st period - Shot Misses the Net.
19:49 of 1st period - Brent Seabrook is hit by Andrej Meszaros and loses puck.
Goals for this period are 2 for BlueJackets vs 2 for Devils.
Shots for this period are 9 for BlueJackets vs 5 for Devils.

2nd period


0:01 of 2nd period - Tyler Johnson wins face-off versus Derick Brassard in neutral zone.
1:04 of 2nd period - Minor Penalty to Andrew Ference for High sticking.
1:05 of 2nd period - Nick Spaling wins face-off versus Brent Burns in BlueJackets zone.
1:07 of 2nd period - Snap shot by Ville Leino.
1:07 of 2nd period - Stopped by Joni Ortio with a rebound.
1:09 of 2nd period - Slapshot by Niklas Kronwall.
1:09 of 2nd period - Deflect By Ville Leino.
1:09 of 2nd period - Shot Blocked by Ron Hainsey.
1:09 of 2nd period - Puck is out of play.
1:10 of 2nd period - Brent Burns wins face-off versus Nick Spaling in BlueJackets zone.
2:17 of 2nd period - Snap shot by Shane Doan.
2:17 of 2nd period - Goal by Shane Doan - BlueJackets : 2 - Devils : 3.
2:18 of 2nd period - Gabriel Bourque wins face-off versus Tyler Johnson in neutral zone.
2:42 of 2nd period - Slapshot by Shane Doan.
2:42 of 2nd period - Shot Misses the Net.
2:50 of 2nd period - Snap shot by Gabriel Bourque.
2:50 of 2nd period - Stopped by Jimmy Howard without a rebound.
2:51 of 2nd period - Derick Brassard wins face-off versus Patrik Berglund in Devils zone.
3:23 of 2nd period - Snap shot by Niklas Kronwall.
3:23 of 2nd period - Stopped by Joni Ortio with a rebound.
3:38 of 2nd period - Snap shot by Niklas Kronwall.
3:38 of 2nd period - Shot Misses the Net.
3:40 of 2nd period - Snap shot by Brent Seabrook.
3:40 of 2nd period - Deflect By Shane Doan.
3:40 of 2nd period - Shot Misses the Net.
3:40 of 2nd period - Puck is out of play.
3:41 of 2nd period - Chris Mueller wins face-off versus Vincent Lecavalier in BlueJackets zone.
4:28 of 2nd period - Wrist shot by Matt Cooke.
4:28 of 2nd period - Shot Misses the Net.
4:42 of 2nd period - Antoine Roussel is hit by Matt Cooke.
4:46 of 2nd period - Mark Stuart is hit by Antoine Roussel and loses puck.
5:13 of 2nd period - Slapshot by Niklas Kronwall.
5:13 of 2nd period - Stopped by Joni Ortio with a rebound.
5:15 of 2nd period - Snap shot by Patrik Berglund.
5:15 of 2nd period - Stopped by Joni Ortio without a rebound.
5:16 of 2nd period - Martin Erat wins face-off versus Derick Brassard in BlueJackets zone.
6:14 of 2nd period - Tyler Johnson is hit by Antoine Roussel and loses puck.
6:27 of 2nd period - Vincent Lecavalier is hit by Brent Seabrook and loses puck.
8:05 of 2nd period - Nick Spaling is hit by Derick Brassard and loses puck.
8:27 of 2nd period - Minor Penalty to David Desharnais for High sticking.
8:28 of 2nd period - Tyler Johnson wins face-off versus Brent Burns in BlueJackets zone.
9:38 of 2nd period - Snap shot by Shane Doan.
9:38 of 2nd period - Shot Misses the Net.
9:40 of 2nd period - Slapshot by Drew Stafford.
9:40 of 2nd period - Goal by Drew Stafford - BlueJackets : 2 - Devils : 4.
9:40 of 2nd period - Matt Climie enters game.
9:41 of 2nd period - Jay Beagle wins face-off versus David Desharnais in neutral zone.
10:10 of 2nd period - Snap shot by Kris Versteeg.
10:10 of 2nd period - Deflect By Jay Beagle.
10:10 of 2nd period - Stopped by Matt Climie with a rebound.
10:58 of 2nd period - Snap shot by Erik Cole.
10:58 of 2nd period - Deflect By Vincent Lecavalier.
10:58 of 2nd period - Shot Blocked by Niklas Kronwall.
10:58 of 2nd period - Puck is out of play.
10:59 of 2nd period - Tyler Johnson wins face-off versus Teddy Purcell in Devils zone.
11:19 of 2nd period - Snap shot by Vincent Lecavalier.
11:19 of 2nd period - Stopped by Jimmy Howard without a rebound.
11:20 of 2nd period - Chris Mueller wins face-off versus Derick Brassard in Devils zone.
11:22 of 2nd period - Minor Penalty to Shane Doan for Hooking.
11:23 of 2nd period - Derick Brassard wins face-off versus Chris Mueller in Devils zone.
11:25 of 2nd period - Wrist shot by Brent Burns.
11:25 of 2nd period - Shot Misses the Net.
11:27 of 2nd period - Slapshot by Tobias Enstrom.
11:27 of 2nd period - Shot Blocked by John Carlson.
11:29 of 2nd period - Slapshot by Andrew Ference.
11:29 of 2nd period - Goal by Andrew Ference - BlueJackets : 3 - Devils : 4.
11:30 of 2nd period - Tyler Johnson wins face-off versus Derick Brassard in neutral zone.
11:32 of 2nd period - Off-side.
11:33 of 2nd period - Tyler Johnson wins face-off versus Derick Brassard in neutral zone.
11:54 of 2nd period - Wrist shot by Drew Stafford.
11:54 of 2nd period - Goal by Drew Stafford - BlueJackets : 3 - Devils : 5.
11:55 of 2nd period - Tyler Johnson wins face-off versus Derick Brassard in neutral zone.
12:22 of 2nd period - Slapshot by Derick Brassard.
12:22 of 2nd period - Stopped by Jimmy Howard without a rebound.
12:23 of 2nd period - Erik Cole wins face-off versus Patrik Berglund in Devils zone.
12:32 of 2nd period - Ron Hainsey is hit by Niklas Kronwall and loses puck.
12:49 of 2nd period - Slapshot by Ron Hainsey.
12:49 of 2nd period - Shot Blocked by Nick Spaling.
13:19 of 2nd period - Andrew Ference is hit by Shane Doan and loses puck.
14:01 of 2nd period - Off-side.
14:02 of 2nd period - David Desharnais wins face-off versus Jay Beagle in neutral zone.
14:54 of 2nd period - Chris Phillips is hit by Ryan Garbutt and loses puck.
15:19 of 2nd period - Minor Penalty to David Savard for Tripping.
15:20 of 2nd period - Brent Burns wins face-off versus Nick Spaling in BlueJackets zone.
16:05 of 2nd period - Niklas Kronwall is hit by Teddy Purcell and loses puck.
16:43 of 2nd period - Icing by Brent Seabrook.
16:44 of 2nd period - Derick Brassard wins face-off versus Nick Spaling in Devils zone.
16:45 of 2nd period - Slapshot by Vincent Lecavalier.
16:45 of 2nd period - Stopped by Jimmy Howard with a rebound.
17:19 of 2nd period - Penalty to David Savard is over, David Savard is back on ice.
17:25 of 2nd period - Slapshot by Shane Doan.
17:25 of 2nd period - Shot Misses the Net.
17:27 of 2nd period - Slapshot by John Carlson.
17:27 of 2nd period - Stopped by Matt Climie with a rebound.
17:29 of 2nd period - Slapshot by Niklas Kronwall.
17:29 of 2nd period - Deflect By David Savard.
17:29 of 2nd period - Stopped by Matt Climie with a rebound.
18:01 of 2nd period - Slapshot by Patrik Berglund.
18:01 of 2nd period - Stopped by Matt Climie with a rebound.
18:03 of 2nd period - Slapshot by Mark Stuart.
18:03 of 2nd period - Stopped by Matt Climie with a rebound.
18:05 of 2nd period - Slapshot by Chris Phillips.
18:05 of 2nd period - Shot Blocked by Teddy Purcell.
18:24 of 2nd period - Slapshot by Matt Cooke.
18:24 of 2nd period - Goal by Matt Cooke - BlueJackets : 3 - Devils : 6.
18:25 of 2nd period - Chris Mueller wins face-off versus David Desharnais in neutral zone.
19:26 of 2nd period - Snap shot by Derick Brassard.
19:26 of 2nd period - Shot Hit the Post.
19:38 of 2nd period - Wrist shot by Derick Brassard.
19:38 of 2nd period - Stopped by Jimmy Howard with a rebound.
19:57 of 2nd period - Minor Penalty to Andrew Ference for Holding Stick.
19:58 of 2nd period - Tyler Johnson wins face-off versus Vernon Fiddler in BlueJackets zone.
Goals for this period are 1 for BlueJackets vs 4 for Devils.
Shots for this period are 6 for BlueJackets vs 13 for Devils.

3rd period


0:01 of 3rd period - Brent Burns wins face-off versus Tyler Johnson in neutral zone.
0:30 of 3rd period - Slapshot by Shane Doan.
0:30 of 3rd period - Shot Misses the Net.
1:12 of 3rd period - Wrist shot by Brent Burns.
1:12 of 3rd period - Shot Blocked by Chris Phillips.
1:20 of 3rd period - Slapshot by Teddy Purcell.
1:20 of 3rd period - Shot Misses the Net.
1:35 of 3rd period - Off-side.
1:36 of 3rd period - Derick Brassard wins face-off versus Shane Doan in neutral zone.
1:57 of 3rd period - Penalty to Andrew Ference is over, Andrew Ference is back on ice.
2:01 of 3rd period - John Carlson is hit by Andrew Ference and loses puck.
2:27 of 3rd period - Snap shot by Patrik Berglund.
2:27 of 3rd period - Shot Misses the Net.
2:29 of 3rd period - Snap shot by Mark Stuart.
2:29 of 3rd period - Stopped by Matt Climie with a rebound.
3:36 of 3rd period - Minor Penalty to Ryan Garbutt for Hooking.
3:37 of 3rd period - Tyler Johnson wins face-off versus Brent Burns in BlueJackets zone.
3:49 of 3rd period - Wrist shot by Drew Stafford.
3:49 of 3rd period - Deflect By Tyler Johnson.
3:49 of 3rd period - Shot Hit the Post.
3:49 of 3rd period - Puck is out of play.
3:50 of 3rd period - Brent Burns wins face-off versus Tyler Johnson in BlueJackets zone.
3:50 of 3rd period - Brent Burns is hit by Drew Stafford.
4:03 of 3rd period - Minor Penalty to Drew Stafford for Interference.
4:04 of 3rd period - Jay Beagle wins face-off versus Brent Burns in Devils zone.
4:59 of 3rd period - Tobias Enstrom is hit by Brent Seabrook and loses puck.
5:28 of 3rd period - Snap shot by David Desharnais.
5:28 of 3rd period - Stopped by Jimmy Howard without a rebound.
5:29 of 3rd period - Shane Doan wins face-off versus Brent Burns in Devils zone.
5:36 of 3rd period - Penalty to Ryan Garbutt is over, Ryan Garbutt is back on ice.
5:53 of 3rd period - Wrist shot by Mark Stuart.
5:53 of 3rd period - Shot Blocked by Andrej Meszaros.
5:55 of 3rd period - Snap shot by Mark Stuart.
5:55 of 3rd period - Stopped by Matt Climie with a rebound.
6:03 of 3rd period - Penalty to Drew Stafford is over, Drew Stafford is back on ice.
6:55 of 3rd period - Slapshot by Tyler Johnson.
6:55 of 3rd period - Shot Misses the Net.
7:20 of 3rd period - Snap shot by Nick Spaling.
7:20 of 3rd period - Shot Blocked by Tobias Enstrom.
7:22 of 3rd period - Snap shot by Mark Stuart.
7:22 of 3rd period - Deflect By Martin Erat.
7:22 of 3rd period - Stopped by Matt Climie with a rebound.
7:24 of 3rd period - Slapshot by Mark Stuart.
7:24 of 3rd period - Shot Misses the Net.
7:26 of 3rd period - Slapshot by John Carlson.
7:26 of 3rd period - Shot Misses the Net.
8:19 of 3rd period - Snap shot by Vincent Lecavalier.
8:19 of 3rd period - Shot Misses the Net.
8:29 of 3rd period - Wrist shot by Antoine Roussel.
8:29 of 3rd period - Shot Blocked by Niklas Kronwall.
8:31 of 3rd period - Snap shot by David Savard.
8:31 of 3rd period - Shot Blocked by Niklas Kronwall.
8:46 of 3rd period - Kevin Klein is hit by Nick Spaling and loses puck.
8:55 of 3rd period - Wrist shot by Nick Spaling.
8:55 of 3rd period - Stopped by Matt Climie with a rebound.
9:15 of 3rd period - David Savard is hit by Mark Stuart and loses puck.
9:40 of 3rd period - Erik Cole is hit by Niklas Kronwall and loses puck.
10:08 of 3rd period - Andrew Ference is hit by Mark Stuart and loses puck.
10:40 of 3rd period - Off-side.
10:41 of 3rd period - David Desharnais wins face-off versus Jay Beagle in neutral zone.
11:50 of 3rd period - Icing by Patrik Berglund.
11:51 of 3rd period - Vincent Lecavalier wins face-off versus Jay Beagle in Devils zone.
12:00 of 3rd period - Snap shot by Erik Cole.
12:00 of 3rd period - Stopped by Jimmy Howard with a rebound.
12:32 of 3rd period - Snap shot by Drew Stafford.
12:32 of 3rd period - Shot Blocked by Antoine Roussel.
12:46 of 3rd period - Ron Hainsey is hit by Mark Stuart and loses puck.
13:10 of 3rd period - Justin Williams is hit by Chris Mueller and loses puck.
13:23 of 3rd period - Wrist shot by Ville Leino.
13:23 of 3rd period - Shot Blocked by Ron Hainsey.
13:25 of 3rd period - Slapshot by John Carlson.
13:25 of 3rd period - Shot Blocked by Justin Williams.
13:27 of 3rd period - Snap shot by Chris Mueller.
13:27 of 3rd period - Goal by Chris Mueller - BlueJackets : 3 - Devils : 7.
13:28 of 3rd period - Vincent Lecavalier wins face-off versus Jay Beagle in neutral zone.
13:33 of 3rd period - Niklas Kronwall is hit by Vincent Lecavalier and loses puck.
14:04 of 3rd period - Icing by Matt Cooke.
14:05 of 3rd period - Kris Versteeg wins face-off versus David Desharnais in Devils zone.
14:05 of 3rd period - Kris Versteeg is hit by Gabriel Bourque.
14:16 of 3rd period - Off-side.
14:17 of 3rd period - Patrik Berglund wins face-off versus David Desharnais in neutral zone.
14:56 of 3rd period - Snap shot by Andrej Meszaros.
14:56 of 3rd period - Stopped by Jimmy Howard without a rebound.
14:57 of 3rd period - Vincent Lecavalier wins face-off versus Tyler Johnson in Devils zone.
15:27 of 3rd period - Minor Penalty to Drew Stafford for High sticking.
15:28 of 3rd period - Derick Brassard wins face-off versus Chris Mueller in Devils zone.
15:31 of 3rd period - Slapshot by Justin Williams.
15:31 of 3rd period - Shot Blocked by John Carlson.
15:33 of 3rd period - Slapshot by Andrew Ference.
15:33 of 3rd period - Deflect By Brent Burns.
15:33 of 3rd period - Shot Misses the Net.
15:33 of 3rd period - Puck is out of play.
15:34 of 3rd period - Chris Mueller wins face-off versus Derick Brassard in Devils zone.
15:34 of 3rd period - Chris Mueller is hit by Brent Burns.
15:54 of 3rd period - Wrist shot by Derick Brassard.
15:54 of 3rd period - Stopped by Jimmy Howard without a rebound.
15:55 of 3rd period - Chris Mueller wins face-off versus Vincent Lecavalier in Devils zone.
16:14 of 3rd period - Snap shot by Teddy Purcell.
16:14 of 3rd period - Shot Hit the Post.
17:22 of 3rd period - Snap shot by Derick Brassard.
17:22 of 3rd period - Shot Misses the Net.
17:27 of 3rd period - Penalty to Drew Stafford is over, Drew Stafford is back on ice.
17:54 of 3rd period - Brendan Smith is hit by Niklas Kronwall and loses puck.
18:09 of 3rd period - Snap shot by David Desharnais.
18:09 of 3rd period - Stopped by Jimmy Howard with a rebound.
18:17 of 3rd period - Snap shot by David Desharnais.
18:17 of 3rd period - Stopped by Jimmy Howard with a rebound.
18:37 of 3rd period - Wrist shot by Vincent Lecavalier.
18:37 of 3rd period - Shot Blocked by Mark Stuart.
18:39 of 3rd period - Backhand shot by Ron Hainsey.
18:39 of 3rd period - Deflect By Mark Stuart.
18:39 of 3rd period - Stopped by Jimmy Howard without a rebound.
18:40 of 3rd period - Chris Mueller wins face-off versus Erik Cole in Devils zone.
19:41 of 3rd period - Minor Penalty to Brent Seabrook for Interference.
19:42 of 3rd period - Derick Brassard wins face-off versus Chris Mueller in Devils zone.
Goals for this period are 0 for BlueJackets vs 1 for Devils.
Shots for this period are 7 for BlueJackets vs 5 for Devils.


Output by the SimonT Hockey Simulator (STHS) for Eric Dolegowski -- Original Page W3C XHTML 1.0 Valid
Hockey Simulator - Hockey Simulation - Hockey Manager